 Dungeon Crawl Stone Soup version 0.23.2-1-ga50397a (webtiles) character file.

Game seed: 4607799904949888336

67 Fang the Skirmisher (level 4, -1/29 HPs)
             Began as a Gargoyle Berserker on May 17, 2019.
             Was a Follower of Trog.
             Slain by an adder (2 damage)
             ... on level 2 of the Dungeon.
             The game lasted 00:01:40 (802 turns).

Fang the Skirmisher (Gargoyle Berserker)             Turns: 802, Time: 00:01:41

Health: -1/29      AC:  5    Str: 21    XL:     4   Next: 16%
Magic:  4/4        EV: 12    Int:  8    God:    Trog [*.....]
Gold:   101        SH:  0    Dex:  9    Spells: 3/3 levels left

rFire    . . .     SeeInvis .   a - +0 hand axe
rCold    . . .     Gourm    .   (no shield)
rNeg     + . .     Faith    .   b - +0 animal skin
rPois    ∞         Spirit   .   (no helmet)
rElec    +         Reflect  .   j - scarf {repulsion}
rCorr    .         Harm     .   (no gloves)
MR       .....                  (no boots)
Stlth    +.........             (no amulet)
HPRegen  0.09/turn              (no ring)
MPRegen  0.09/turn              (no ring)

@: berserk cooldown, repel missiles
A: negative energy resistance 1, electricity resistance, unbreathing,
petrification resistance, rot immunity, AC +3
a: Berserk, Renounce Religion


You were on level 2 of the Dungeon.
You worshipped Trog.
Trog was aware of your devotion.
You were hungry.

You visited 1 branch of the dungeon, and saw 2 of its levels.

You collected 101 gold pieces.

Inventory:

Hand Weapons
 a - a +0 hand axe (weapon)
Armour
 b - a +0 animal skin (worn)
 j - a scarf of repulsion (worn)
Jewellery
 e - a +2 ring of dexterity {unknown}
Scrolls
 d - 5 scrolls of blinking {unknown}
 g - a scroll of enchant weapon {unknown}
 h - a scroll of remove curse {unknown}
 k - a scroll of magic mapping {unknown}
 l - a scroll of random uselessness {unknown}
Potions
 i - a potion of magic {unknown}
 m - a potion of lignification {unknown}
 n - a potion of ambrosia {unknown}
Comestibles
 c - 4 rations
 f - 9 chunks of flesh


   Skills:
 + Level 3.9 Fighting
 + Level 3.1 Axes
 + Level 3.0 Armour
 + Level 2.2 Dodging


You had 3 spell levels left.
You didn't know any spells.
Your spell library was empty.

Dungeon Overview and Level Annotations

Branches:
Dungeon (2/15)

Altars:


Innate Abilities, Weirdness & Mutations

You are resistant to torment.
Your stone body is resilient. (AC +3)
You are immune to poison.
You resist negative energy. (rN+)
You are resistant to electric shocks. (rElec)
You can survive without breathing.
You are immune to petrification.
You are immune to rotting.


Message History

The adder bites you but does no damage. The adder closely misses you.
You closely miss the adder.
The adder is moderately wounded.
The adder barely misses you. The adder bites you.
* * * LOW HITPOINT WARNING * * *
You hit the adder but do no damage.
The adder is moderately wounded.
The adder barely misses you. x2; The adder closely misses you.
The adder misses you.
Okay, then.
The adder closely misses you.
You see here a leopard gecko skeleton.
The adder barely misses you. The adder bites you.
* * * LOW HITPOINT WARNING * * *
The adder closely misses you.
You feel yourself speed up. The adder bites you but does no damage.
The adder bites you.
You die...

.####... .###........#####.).
.....#.. ................##. ..
#...#.# ###...............##.
..###.....###...........>.....##.
..........##..............#######
..........................#######
.................................
..........)...............#######
..........÷....S@......##.##)# #
.......................##....# #
.......................#####.# ##
........######.....#####...)÷###.
........# #.....#####.####....
........# #........[.........#
#.####### ##....#####.##....## #
#....# #.####.... ######
#......##.


You could see an adder.

Vanquished Creatures
  2 adders (D:2)
  An ooze (D:1)
  2 worms (D:2)
  A dart slug (D:2)
  2 leopard geckos
  A giant cockroach (D:2)
  4 goblins
  6 hobgoblins
  3 jackals (D:2)
  A kobold (D:1)
  2 ball pythons (D:1)
  5 bats
  A frilled lizard (D:2)
  A jackal skeleton (D:2)
  A rat (D:1)
33 creatures vanquished.

Notes
Turn   | Place    | Note
-------+----------+-------------------------------------------
     0 | D:1      | Fang the Gargoyle Berserker began the quest for the Orb.
     0 | D:1      | Reached XP level 1. HP: 14/14 MP: 1/1
    33 | D:1      | Reached XP level 2. HP: 12/19 MP: 2/2
   357 | D:1      | Reached XP level 3. HP: 17/23 MP: 3/3
   744 | D:2      | Reached XP level 4. HP: 25/29 MP: 4/4
   798 | D:2      | HP: 1/29 [adder (2)]
   802 | D:2      | Slain by an adder

Skill      XL: |  1  2  3 |
---------------+----------+-----
Axes           | 3 |  3.1
Dodging        | 2 |  2.2
Armour         | 3 |  3.0
Fighting       | |  3.9

Action                   |  1- 3 |  4- 6 || total
-------------------------+-------+-------++-------
Melee: Hand axe          |   107 |    19 ||   126
Invok: Berserk           |       |     1 ||     1
 Stab: Sleeping          |     1 |       ||     1
Armor: Animal skin       |    54 |     9 ||    63
Dodge: Dodged            |    79 |    24 ||   103
